cohdb
Replays
Latest Replays
All Replays
Popular Replays
Top Player Replays
Match Explorer
How It Works
Community
CoH3 Stats
Reddit
Sign in to upload your games and track your stats! →
Sign in with Steam
221 Vet 1 Bugged
Match 39762327
Overview
Messages
Build Orders
End
Construct Barracks
Scout Squad
Selects Armored Battlegroup
Selects Armored Battlegroup
Selects Assault Engineers
Riflemen Squad
Riflemen Squad
Riflemen Squad
Infantry Support Center
Construct Motor Pool
Selects Fast Deploy
M8 Greyhound Armored Car
Construct Medical Station
Grenade Package
Jervi
Willaguy
0
0
Comments
sign in to comment!
No comments posted yet!